 Dungeon Crawl Stone Soup version 0.27.0-65-ge2af304b15 (webtiles) character file.

Game seed: 9164760099713251052

89156 nxtlvl the Carver (level 16, -4/127 HPs)
             Began as a Human Gladiator on Aug 18, 2021.
             Was a High Priest of Cheibriados.
             Slain by a naga warrior (40 damage)
             ... on level 4 of the Snake Pit on Aug 19, 2021.
             The game lasted 02:45:00 (10167 turns).

nxtlvl the Carver (Human Gladiator)                Turns: 10167, Time: 02:45:01

Health: -4/127     AC: 23    Str: 32    XL:     16   Next: 43%
Magic:  33/33      EV: 24    Int: 31    God:    Cheibriados [*****.]
Gold:   818        SH:  0    Dex: 37    Spells: 1/25 levels left

rFire    . . .     SeeInvis +   a - +4 great sword (elec)
rCold    + . .     Faith    +   (shield currently unavailable)
rNeg     + . .     Spirit   .   W - +6 swamp dragon scales
rPois    +         Reflect  .   c - +3 hat of Pondering {ponderous, Will+ MP+10 Int+5}
rElec    +         Harm     .   f - +2 cloak {Stlth+}
rCorr    +         Rampage  +   e - +1 pair of gloves of the Northern Lights {Rampage rCorr Dex+5}
Will     ++...                  g - +1 pair of boots
Stlth    ++++......             Z - amulet of faith
HPRegen  0.31/turn              z - ring "Equnaol" {Drain rC+ Str+3 Dex+6 SInv}
MPRegen  0.23/turn              o - ring "Havuamo" {rElec rN+ Str+3}

@: constricted, very slow
A: horns 1
a: Renounce Religion, Bend Time, Temporal Distortion, Slouch, Step From Time


You were on level 4 of the Snake Pit.
You worshipped Cheibriados.
Cheibriados was extremely pleased with you.
You visited 5 branches of the dungeon, and saw 25 of its levels.
You also visited: Volcano.

You collected 2171 gold pieces.
You spent 1353 gold pieces at shops.

Inventory:

Hand Weapons
 a - a +4 great sword of electrocution (weapon)
 b - a +0 triple crossbow
 w - a +1 vampiric dagger
Missiles
 i - 5 silver javelins
 n - 18 javelins (quivered)
 t - a throwing net
 H - 7 curare-tipped darts
 N - 79 bolts
Armour
 c - the +3 hat of Pondering (worn) {ponderous, Will+ MP+10 Int+5}
   (You took it off Gastronok on level 11 of the Dungeon)

   Int:       It affects your intelligence (+5).
   MP:        It affects your magic capacity (+10).
   Will:      It increases your willpower.
 d - the +5 ring mail of Absence {rElec rF+ Will+}
   (You found it on level 7 of the Dungeon)

   rF:        It protects you from fire.
   rElec:     It insulates you from electricity.
   Will:      It increases your willpower.
 e - the +1 pair of gloves of the Northern Lights (worn) {Rampage rCorr Dex+5}
   (You found it on level 4 of the Dungeon)

   Dex:       It affects your dexterity (+5).
   rCorr:     It protects you from acid and corrosion.
   Rampage:   It bestows one free step when moving towards enemies.
   Cheibriados disapproves of the use of such an item.
 f - a +2 cloak of stealth (worn)
 g - a +1 pair of boots (worn)
 h - a scarf of harm
 W - +6 swamp dragon scales (worn)
Magical Staves
 L - a staff of conjuration
Jewellery
 o - the ring "Havuamo" (right hand) {rElec rN+ Str+3}
   (You bought it in a shop on level 2 of the Orcish Mines)

   [ring of positive energy]

   Str:       It affects your strength (+3).
   rElec:     It insulates you from electricity.
   rN:        It protects you from negative energy.
 p - a +4 ring of protection
 x - a ring of flight
 z - the ring "Equnaol" (left hand) {Drain rC+ Str+3 Dex+6 SInv}
   (You found it on level 4 of the Dungeon)

   [ring of dexterity]

   Str:       It affects your strength (+3).
   Dex:       It affects your dexterity (+6).
   rC:        It protects you from cold.
   SInv:      It lets you see invisible.
   Drain:     It drains your maximum health when unequipped.
 O - a ring of fire
 P - a ring of poison resistance
 Z - an amulet of faith (around neck)
Wands
 m - a wand of iceblast (9)
 E - a wand of paralysis (19)
 G - a wand of flame (43)
 I - a wand of mindburst (35)
 K - a wand of polymorph (8)
 V - a wand of charming (7)
Scrolls
 k - 2 scrolls of blinking
 q - 2 scrolls of magic mapping
 r - 10 scrolls of fog
 u - a scroll of fear
 y - a scroll of amnesia
 A - 3 scrolls of immolation
 B - a scroll of vulnerability
 J - 2 scrolls of summoning
 M - a scroll of acquirement {unknown}
 Q - a scroll of silence
 R - a scroll of torment
 T - 5 scrolls of teleportation
 X - a scroll of holy word {unknown}
Potions
 j - 2 potions of ambrosia
 l - 7 potions of heal wounds
 s - a potion of lignification
 v - 2 potions of degeneration {unknown}
 C - a potion of attraction
 D - 3 potions of might
 F - 4 potions of brilliance {unknown}
 S - 6 potions of curing


   Skills:
 + Level 12.0 Fighting
 - Level 14.0 Long Blades
 - Level 2.0 Throwing
 + Level 12.2 Dodging
 + Level 3.6 Stealth
 - Level 5.0 Spellcasting
 + Level 8.8 Conjurations
 - Level 4.0 Translocations
 + Level 11.5 Earth Magic
 - Level 8.0 Invocations


You had one spell level left.
You knew the following spells:

 Your Spells              Type           Power      Damage    Failure   Level
a - Passage of Golubria   Tloc           N/A        N/A       14%         4
c - Iron Shot             Conj/Erth      31%        9d6       19%         6
q - Passwall              Tmut/Erth      35%        N/A       1%          2
x - Lee's Rapid Deconstr  Erth           34%        3d18*     1%          5
z - Stone Arrow           Conj/Erth      100%       3d13      1%          3
Z - Animate Armour        Summ/Erth      86%        N/A       7%          4

Your spell library contained the following spells:

 Spells                   Type           Power      Damage    Failure   Level
 Sandblast                Erth           100%       2d20      1%          1
 Animate Skeleton         Necr           14%        N/A       8%          1
 Pain                     Necr           28%        1d5       8%          1
 Gell's Gravitas          Tloc           16%        N/A       4%          3
 Lesser Beckoning         Tloc           16%        N/A       4%          3
 Teleport Other           Tloc           32%        N/A       4%          3
 Iskenderun's Battlesphe  Conj           58%        2d11      5%          5
 Tukima's Dance           Hex            7%         N/A       22%         3
 Vampiric Draining        Necr           3%         2d6       22%         3
 Yara's Violent Unravell  Hex/Tmut       3%         3d4       91%         5
 Spellforged Servitor     Conj/Summ      17%        N/A       100%        7
 Lehudib's Crystal Spear  Conj/Erth      31%        10d8      100%        8


Dungeon Overview and Level Annotations

Branches:
Dungeon (12/15)            Temple (1/1) D:7            Lair (6/6) D:8
 Shoals (0/4) Lair:2        Snake (4/4) Lair:2        Slime (0/5) Lair:6
    Orc (2/2) D:12        Volcano (visited)
    Elf: Orc:2

Altars:
Ashenzari
Cheibriados
Dithmenos
Elyvilon
Fedhas
Hepliaklqana
Kikubaaqudgha
Makhleb
Nemelex Xobeh
Okawaru
Qazlal
Ru
Sif Muna
Trog
Uskayaw
Vehumet
Wu Jian
Xom
Yredelemnul
Zin
The Shining One
Beogh
Jiyva

Shops:
D:5 (   D:10 !   Orc:1 (   Orc:2 (=:(   Snake:4 :

Annotations:
D:3 exclusion: downstairs
D:9 2 transporters
Lair:5 exclusion: upstairs


Innate Abilities, Weirdness & Mutations

You have a pair of small horns on your head.


Message History

The naga warrior hits you with a +0 flail!!!
Unknown command.
You barely miss the naga warrior. You headbutt the naga warrior.
The naga warrior is heavily wounded.
The naga warrior hits you with a +0 short sword!!
The naga warrior constricts you. The naga warrior spits poison at you.
The splash of poison hits you. You resist.
Unknown command.
You closely miss the naga warrior. Your headbutt misses the naga warrior.
The naga warrior is heavily wounded.
The naga warrior hits you with a +0 short sword!
The naga warrior constricts you.
The naga warrior hits you but does no damage.
Unknown command.
You closely miss the naga warrior. Your headbutt misses the naga warrior.
The naga warrior is heavily wounded.
The naga warrior completely misses you.
You riposte.
You closely miss the naga warrior. Your headbutt misses the naga warrior.
The naga warrior is moderately wounded.
The naga warrior constricts you.
The naga warrior hits you but does no damage.
You hit the naga warrior.
Lightning courses through the naga warrior!
The naga warrior is heavily wounded.
The naga warrior hits you but does no damage.
The naga warrior constricts you.
* * * LOW HITPOINT WARNING * * *
The naga warrior roars a battlecry!
The naga warrior goes into a battle-frenzy!
You open the naga warrior like a pillowcase!!!
Lightning courses through the naga warrior!
You kill the naga warrior!
Cheibriados thoroughly appreciates the change of pace.
The naga warrior completely misses you. The naga warrior grabs you.
The naga warrior constricts you.
Unknown command.
You hit the naga warrior but do no damage.
The naga warrior hits you with a +0 flail!!!
You die...

###################.......#......
.....................(....#......
#######.####..+...)########.....#
..............#.#...#....##...###
####..........###......#.##...##
#..........# #+#......##....#.
#..........# #.....÷)###....'.
#..........###..#....###....'.
#..........#N@.#..##))))....'.
#..........#)#+########[....#.
#..........### #....##
#............###### #./..#
#.8.<.∩.8.)..................#
#..............................
#........######+#..............
#........# .............
#.......## .....N.......


You could see a naga warrior (strong).

Vanquished Creatures
  Gastronok (D:11)
  A fire dragon (Lair:6)
  5 naga warriors
  8 hydras
  A boulder beetle (D:12)
  Fannar (Lair:3)
  7 anacondas
  A centaur warrior (Volcano)
  A two-headed ogre (D:12)
  4 death yaks (Lair:4)
  8 naga sharpshooters
  Urug (Lair:3)
  7 orc high priests (Orc:2)
  3 shock serpents
  A hell knight (Volcano)
  A sea snake (Snake:4)
  3 naga ritualists (Snake:4)
  A swamp dragon (Lair:6)
  An orc knight (Orc:1)
  4 mana vipers
  A wolf spider (Lair:6)
  A salamander (Snake:3)
  A manticore (D:12)
  2 guardian serpents (Snake:4)
  9 elephants
  A torpor snail (Lair:6)
  6 cane toads
  25 black mambas
  4 naga magi
  2 yaktaurs (Volcano)
  An unseen horror (D:12)
  10 rime drakes
  9 komodo dragons
  9 polar bears (Lair:6)
  4 trolls
  A hornet (D:9)
  3 raiju (Lair:6)
  5 slime creatures
  8 blink frogs
  5 wyverns
  A wraith (D:10)
  2 steam dragons
  37 yaks
  5 basilisks
  3 vampire mosquitoes (D:12)
  11 wargs
  23 nagas
  12 hell hounds (Lair:6)
  12 water moccasins
  3 acid dragons
  6 orc warriors
  A swamp drake (Lair:6)
  2 ice beasts
  13 black bears
  2 sky beasts
  2 necrophages (D:4)
  40 wolves
  4 ogres
  9 centaurs
  12 bullfrogs
  2 kobold brigands
  2 gnoll sergeants
  2 scorpions (D:6)
  A wyvern zombie (D:6)
  2 water moccasin zombies (D:5)
  A wyvern skeleton (D:7)
  A water moccasin skeleton (D:6)
  5 wights (D:7)
  5 electric eels
  8 howler monkeys
  3 centaur zombies
  25 orc priests
  3 bullfrog skeletons
  2 centaur skeletons (D:7)
  6 hounds
  2 gnoll shamans
  3 iguanas
  Ijyb (D:5)
  6 orc wizards
  A howler monkey zombie (D:10)
  A howler monkey skeleton (D:6)
  13 gnolls
  2 adders (D:5)
  2 shadow imps (D:7)
  2 ufetubi
  An adder skeleton (D:5)
  2 dart slugs (D:4)
  56 orcs
  4 bats
  2 endoplasms
  2 giant cockroaches
  9 hobgoblins
  6 jackals
  14 kobolds
  3 quokkas
  3 ball pythons
  4 frilled lizards
  4 goblins
  4 rats
582 creatures vanquished.

Vanquished Creatures (collateral kills)
  A blink frog (Lair:2)
1 creature vanquished.

Vanquished Creatures (others)
  5 wolves (Lair:6)
  24 fungi
  48 plants
77 creatures vanquished.

Grand Total: 660 creatures vanquished

Notes
Turn   | Place    | Note
-------+----------+-------------------------------------------
     0 | D:1      | nxtlvl the Human Gladiator began the quest for the Orb.
     0 | D:1      | Reached XP level 1. HP: 16/16 MP: 1/1
    36 | D:1      | Reached XP level 2. HP: 19/22 MP: 2/2
   121 | D:4      | Noticed an ogre
   259 | D:3      | Reached skill level 4 in Long Blades
   259 | D:3      | Reached XP level 3. HP: 23/27 MP: 3/3
   338 | D:4      | Noticed a bullfrog
   353 | D:4      | Killed a bullfrog
   354 | D:4      | Reached skill level 5 in Long Blades
   354 | D:4      | Reached XP level 4. HP: 4/33 MP: 4/4
   377 | D:3      | Reached XP level 5. HP: 7/38 MP: 5/5
   402 | D:3      | Found a faded altar of an unknown god.
   579 | D:4      | Identified the +1 pair of gloves of the Northern Lights
                  | {Rampage rCorr Dex+5}
   614 | D:4      | Noticed a necrophage
   721 | D:4      | Noticed a necrophage
   732 | D:4      | Killed a necrophage
   733 | D:4      | Reached skill level 6 in Long Blades
   733 | D:4      | Reached XP level 6. HP: 33/44 MP: 6/6
   779 | D:4      | Killed a necrophage
   784 | D:4      | Identified the ring "Equnaol" {Drain rC+ Str+3 Dex+6 SInv}
  1005 | D:4      | Killed an ogre
  1006 | D:4      | Reached skill level 7 in Long Blades
  1006 | D:4      | Reached XP level 7. HP: 35/50 MP: 7/7
  1020 | D:5      | Entered Level 5 of the Dungeon
  1120 | D:5      | Reached skill level 8 in Long Blades
  1225 | D:5      | Noticed Ijyb
  1237 | D:5      | Paralysed by Ijyb for 3 turns
  1247 | D:5      | Killed Ijyb
  1298 | D:5      | Found Zoreffu's Antique Weapon Shop.
  1314 | D:5      | Reached XP level 8. HP: 25/57 MP: 8/8
  1479 | D:6      | Reached skill level 9 in Long Blades
  1552 | D:6      | Gained mutation: Armour fits poorly on your strangely
                  | shaped body. [potion of mutation]
  1552 | D:6      | Gained mutation: You have large cloven feet. [potion of
                  | mutation]
  1607 | D:6      | Lost mutation: Armour fits poorly on your strangely shaped
                  | body. [potion of mutation]
  1607 | D:6      | Lost mutation: You have large cloven feet. [potion of
                  | mutation]
  1607 | D:6      | Gained mutation: You are agile. (Dex +2) [potion of
                  | mutation]
  1607 | D:6      | Gained mutation: You are occasionally teleported next to
                  | monsters. [potion of mutation]
  1607 | D:6      | Gained mutation: You sometimes lose the ability to read
                  | scrolls when taking damage. [potion of mutation]
  1607 | D:6      | Gained mutation: Your spells are a little harder to cast,
                  | but a little more powerful. [potion of mutation]
  1608 | D:6      | Lost mutation: You are agile. (Dex +2) [potion of mutation]
  1608 | D:6      | Lost mutation: You sometimes lose the ability to read
                  | scrolls when taking damage. [potion of mutation]
  1608 | D:6      | Gained mutation: Your muscles are strong. (Str +2) [potion
                  | of mutation]
  1609 | D:6      | Lost mutation: Your muscles are strong. (Str +2) [potion of
                  | mutation]
  1609 | D:6      | Lost mutation: Your spells are a little harder to cast, but
                  | a little more powerful. [potion of mutation]
  1609 | D:6      | Gained mutation: Your muscles are strong. (Str +2) [potion
                  | of mutation]
  1609 | D:6      | Gained mutation: You are agile. (Dex +2) [potion of
                  | mutation]
  1609 | D:6      | Gained mutation: Your muscles are very strong. (Str +4)
                  | [potion of mutation]
  1628 | D:6      | Reached XP level 9. HP: 36/65 MP: 9/9
  1813 | D:6      | Reached skill level 5 in Dodging
  1870 | D:6      | Reached skill level 10 in Long Blades
  2022 | D:7      | Identified the +5 ring mail of Absence {rElec rF+ Will+}
  2063 | D:7      | Found a staircase to the Ecumenical Temple.
  2082 | Temple   | Entered the Ecumenical Temple
  2176 | Temple   | Became a worshipper of Cheibriados the Contemplative
  2293 | D:7      | Reached skill level 5 in Fighting
  2344 | D:7      | Reached * piety under Cheibriados
  2521 | D:8      | Reached XP level 10. HP: 61/75 MP: 10/10
  2525 | D:8      | Reached skill level 11 in Long Blades
  2588 | D:8      | Reached ** piety under Cheibriados
  2589 | D:8      | Found a staircase to the Lair.
  2727 | D:8      | Learned a level 3 spell: Stone Arrow
  2820 | D:9      | Found a transporter.
  2826 | D:9      | Reached skill level 1 in Conjurations
  2826 | D:9      | Reached skill level 1 in Earth Magic
  2829 | D:9      | Noticed a boulder beetle
  2829 | D:9      | Noticed a boulder beetle
  2833 | D:9      | Found a transporter.
  2836 | D:9      | Noticed a fire crab
  2836 | D:9      | Noticed a tengu warrior
  2841 | D:9      | Found a blossoming altar of Fedhas.
  2841 | D:9      | Found a white marble altar of Elyvilon.
  2961 | D:9      | Paralysed by a hornet for 2 turns
  3057 | D:10     | Entered Level 10 of the Dungeon
  3133 | D:10     | Found Qerghupadgh's Distillery.
  3284 | D:10     | Reached skill level 12 in Long Blades
  3470 | D:11     | Reached XP level 11. HP: 81/83 MP: 11/11
  3539 | D:11     | Reached skill level 1 in Spellcasting
  3552 | D:11     | Reached *** piety under Cheibriados
  3734 | D:11     | Noticed Gastronok
  3751 | D:11     | Killed Gastronok
  3905 | D:11     | Noticed an eight-headed hydra
  3959 | D:12     | Noticed a six-headed hydra
  3983 | D:12     | Noticed a two-headed ogre
  4176 | Lair:1   | Entered Level 1 of the Lair of Beasts
  4209 | Lair:1   | Noticed a five-headed hydra
  4249 | D:8      | Found a stormy altar of Qazlal.
  4344 | D:12     | Reached skill level 13 in Long Blades
  4344 | D:12     | Reached XP level 12. HP: 71/92 MP: 14/14
  4411 | D:12     | Noticed a boulder beetle
  4427 | D:12     | Killed a six-headed hydra
  4440 | D:12     | Killed a boulder beetle
  4645 | D:11     | Killed an eight-headed hydra
  4645 | D:11     | Reached **** piety under Cheibriados
  4646 | D:11     | Reached skill level 5 in Conjurations
  4646 | D:11     | Reached skill level 5 in Earth Magic
  4646 | D:11     | Reached skill level 1 in Invocations
  4670 | D:10     | Bought a potion of heal wounds for 70 gold pieces
  4670 | D:10     | Bought a potion of heal wounds for 70 gold pieces
  4670 | D:10     | Bought a potion of heal wounds for 70 gold pieces
  4937 | Lair:2   | Found a dark tunnel.
  4956 | Volcano  | Entered a volcano
  5001 | Volcano  | Noticed a hell knight
  5010 | Volcano  | Killed a hell knight
  5059 | Volcano  | Noticed a centaur warrior
  5062 | Volcano  | Killed a centaur warrior
  5149 | Lair:2   | Noticed a seven-headed hydra
  5150 | Lair:2   | Reached XP level 13. HP: 89/100 MP: 16/16
  5153 | Lair:2   | Reached ***** piety under Cheibriados
  5159 | Lair:2   | Killed a three-headed hydra
  5377 | Lair:3   | Noticed Urug
  5388 | Lair:3   | Killed Urug
  5537 | Lair:3   | Noticed Fannar
  5546 | Lair:3   | Killed Fannar
  5963 | Lair:5   | Reached skill level 5 in Invocations
  6005 | Lair:5   | Identified the +1 rapier "Jiosh" {antimagic, rElec rN+}
  6113 | Lair:6   | Entered Level 6 of the Lair of Beasts
  6127 | Lair:6   | Learned a level 5 spell: Lee's Rapid Deconstruction
  6127 | Lair:6   | Lost mutation: Your muscles are very strong. (Str +4)
                  | [potion of mutation]
  6127 | Lair:6   | Lost mutation: Your muscles are strong. (Str +2) [potion of
                  | mutation]
  6127 | Lair:6   | Lost mutation: You are agile. (Dex +2) [potion of mutation]
  6127 | Lair:6   | Gained mutation: You are frail. (-10% HP) [potion of
                  | mutation]
  6128 | Lair:6   | Lost mutation: You are occasionally teleported next to
                  | monsters. [potion of mutation]
  6128 | Lair:6   | Lost mutation: You are frail. (-10% HP) [potion of
                  | mutation]
  6128 | Lair:6   | Gained mutation: You have a pair of small horns on your
                  | head. [potion of mutation]
  6147 | Lair:6   | Noticed a seven-headed hydra
  6152 | Lair:6   | Killed a seven-headed hydra
  6182 | Lair:6   | Reached skill level 10 in Dodging
  6211 | Lair:6   | Reached skill level 14 in Long Blades
  6252 | Lair:6   | Reached ****** piety under Cheibriados
  6253 | Lair:6   | Reached XP level 14. HP: 87/109 MP: 18/18
  6270 | Lair:6   | Reached skill level 10 in Fighting
  6281 | Lair:6   | Learned a level 2 spell: Passwall
  6286 | Lair:6   | Learned a level 4 spell: Animate Armour
  6649 | Lair:6   | Found a viscous altar of Jiyva.
  6649 | Lair:6   | Found a staircase to the Slime Pits.
  7160 | Lair:6   | Identified the +6 quarterstaff "Cyas" {vorpal, rF+ Will+}
  7360 | Lair:4   | Reached skill level 10 in Earth Magic
  7360 | Lair:4   | Reached XP level 15. HP: 92/117 MP: 20/20
  7372 | Lair:4   | Learned a level 4 spell: Passage of Golubria
  7625 | D:12     | Found a staircase to the Orcish Mines.
  7638 | Orc:1    | Entered Level 1 of the Orcish Mines
  7659 | Orc:2    | Entered Level 2 of the Orcish Mines
  7942 | Orc:2    | Reached skill level 1 in Translocations
  8133 | Orc:2    | Found Fusaref's Antique Weapon Emporium.
  8133 | Orc:2    | Found Daosudat's Book Boutique.
  8182 | Orc:2    | Found Ipnenn's Antique Weapon Boutique.
  8183 | Orc:2    | Found Roico's Jewellery Emporium.
  8215 | Orc:2    | Bought a triple crossbow for 320 gold pieces
  8272 | Orc:2    | Bought the ring "Havuamo" {rElec rN+ Str+3} for 443 gold
                  | pieces
  8304 | Orc:2    | Bought a runed great sword for 380 gold pieces
  8372 | Orc:1    | Found Iprein's Antique Weapon Boutique.
  8795 | Lair:2   | Found a staircase to the Snake Pit.
  8828 | Snake:1  | Entered Level 1 of the Snake Pit
  9378 | Snake:4  | Entered Level 4 of the Snake Pit
  9423 | Snake:3  | Reached skill level 5 in Spellcasting
  9433 | Snake:3  | Learned a level 6 spell: Iron Shot
  9595 | Snake:2  | Reached skill level 1 in Stealth
  9682 | Snake:4  | Reached XP level 16. HP: 95/126 MP: 23/23
  9769 | Snake:4  | Found Wuhory's Book Boutique.
 10167 | Snake:4  | Slain by a naga warrior

Illustrated notes

Levels and vault maps discovered:
D:1:      matt_arrival_grand_opening, layout_loops_ring, moated_statue,
          hex_tiny, serial_bayou_ford_a, minmay_cupped
D:2:      layout_basic, serial_shops, shop
D:3:      layout_loops_corners, hellmonk_ecumenical_altar_run_dry
D:4:      layout_rooms, kennysheep_generic_room_12
D:5:      layout_loops_ring, serial_shops, nicolae_square_shop, uniq_ijyb
D:6:      layout_rooms, st_stairs_1, nrook_mini_backslash
D:7:      layout_rooms, minmay_temple_entry_glassed_door
D:8:      layout_basic, lemuel_round_altar, grunt_gozag_statues,
          erik_lair_island, minivault_5
D:9:      layout_rooms, gammafunk_temple_overflow_arena
D:10:     layout_loops_ring, serial_shops, nicolae_take_the_stairs
D:11:     layout_loops_corners, uniq_gastronok
D:12:     layout_rooms, david_orc_3
Temple:   dpeg_five_rooms_temple
Lair:1:   layout_cave_pods
Lair:2:   layout_loops_ring, elwin_shoals_entry_rooms,
          minmay_snake_entry_guardpost_large, nicolae_volcano_entry_lava_flow,
          grunt_megastairs_2
Lair:3:   layout_big_grid, grunt_megastairs_3, minmay_lair_oklob_chamber,
          uniq_urug, uniq_fannar
Lair:4:   layout_gridlike, st_stairs_3, columned_hall_lemuel, minmay_hedge_maze,
          lemuel_fruit_fields, infiniplex_staircase_pool_2
Lair:5:   layout_roguey, minivault_23, serial_bayou_pond_e
Lair:6:   guppyfry_lair_end_dragon, layout_gridlike,
          hangedman_lair_caniforms_friends, dpeg_slime_entry_enclosed_altar,
          hangedman_lair_generics_rect
Snake:1:  layout_rooms, minmay_shoptagon
Snake:2:  layout_onion
Snake:3:  layout_honeycomb
Snake:4:  grunt_snake_rune_pools, layout_cave_town, serial_shops, shop_statue,
          nicolae_snake_gridmaze_waves
Orc:1:    cheibrodos_orc_bank, layout_caves, serial_shops, nicolae_diamond_shop,
          ebering_ghost_xom
Orc:2:    st_orc_town, layout_caves, uniq_snorg, uniq_nessos

Skill      XL: |  1  2  3  4  5  6  7  8  9 10 11 12 13 14 15 16 |
---------------+-------------------------------------------------+-----
Long Blades    | 4 5 6 7 8 9 10 12 13 14 | 14.0
Fighting       | 4 5 6 7 8 9 10 11 12 | 12.0
Dodging        | 4 6 7 8 9 10 11 12 | 12.2
Conjurations   | 2 4 6 7 8 |  8.8
Earth Magic    | 2 4 5 7 10 11 | 11.5
Spellcasting   | 1 2 3 5 |  5.0
Invocations    | 3 5 7 8 |  8.0
Translocations | 3 4 |  4.0
Stealth        | 1 3 |  3.6
Throwing       | |  2.0

Action                   |  1- 3 |  4- 6 |  7- 9 | 10-12 | 13-15 | 16-18 || total
-------------------------+-------+-------+-------+-------+-------+-------++-------
Melee: Long sword        |    53 |    74 |    79 |       |       |       ||   206
       Great sword       |       |       |   129 |   344 |   534 |    72 ||  1079
       Kick              |       |       |    10 |       |       |       ||    10
       Headbutt          |       |       |       |       |   201 |    28 ||   229
Throw: Throwing net      |     1 |     3 |     2 |       |       |       ||     6
       Dart              |       |       |       |     3 |       |       ||     3
 Cast: Stone Arrow       |       |       |       |    12 |    88 |     5 ||   105
       Lee's Rapid Decon |       |       |       |       |     8 |       ||     8
       Iron Shot         |       |       |       |       |       |     1 ||     1
Invok: Slouch            |       |       |       |       |     7 |     6 ||    13
Evoke: Wand              |       |       |     6 |    10 |     7 |       ||    23
  Use: Scroll            |       |       |     9 |    12 |    13 |       ||    34
       Potion            |       |       |     7 |     4 |     3 |     3 ||    17
 Stab: Sleeping          |       |     1 |     3 |    12 |    13 |     2 ||    31
       Held in net/web   |       |     1 |       |       |       |       ||     1
       Paralysed         |       |       |     8 |       |       |       ||     8
       Invisible         |       |       |     5 |       |       |       ||     5
       Distracted        |       |       |       |     1 |     2 |       ||     3
Armor: Leather armour    |    14 |    20 |     8 |       |       |       ||    42
       Ring mail         |       |       |    69 |   123 |   112 |    17 ||   321
       Skin              |       |       |       |       |     8 |       ||     8
       Swamp dragon scal |       |       |       |       |    18 |     4 ||    22
Dodge: Dodged            |    33 |    35 |   159 |   391 |   700 |   107 ||  1425
       Rpst.: Long sword |    10 |    12 |     5 |       |       |       ||    27
       Great sword       |       |       |    35 |    91 |   182 |    16 ||   324
